 Dungeon Crawl Stone Soup version 0.29.1-2-gbd0b4ee654 (webtiles) character file.

Game seed: 12838258518880133601

254 sappy the Covered (level 5, -6/40 (47) HPs)
             Began as a Minotaur Fighter on Nov 15, 2022.
             Mangled by a killer bee (8 damage)
             ... on level 9 of the Dungeon.
             The game lasted 00:22:25 (1526 turns).

sappy the Covered (Minotaur Fighter)                Turns: 1526, Time: 00:22:26

HP:   -6/40 (47)    AC:  9    Str: 20 (23) XL:     5   Next: 91%
MP:   4/4           EV:  7    Int:  4 (5)  God:
Gold: 111           SH:  4    Dex:  6 (9)  Spells: 1/4 levels left

rFire   + . .      SeeInvis .   f - +2 dagger (drain)
rCold   x . .      Faith    .   c - +0 buckler
rNeg    . . .      Spirit   .   o - +0 chain mail
rPois   +          Reflect  .   (helmet restricted)
rElec   .          Harm     .   (no cloak)
rCorr   .          Rampage  .   (no gloves)
Will    .....                   (no boots)
Stlth   ..........              q - amulet "Vorghawi" {rPois Regen+}
HPRegen 0.93/turn               d - ring of fire
MPRegen 0.09/turn               (no ring)

@: lethally poisoned (-6 -> -10), heavily drained
A: horns 2, retaliatory headbutt
a: no special abilities


You were on level 9 of the Dungeon.
You visited 1 branch of the dungeon, and saw 7 of its levels.
You also visited: Ossuary.

You collected 111 gold pieces.

Inventory:

Hand Weapons
 a - a +0 war axe
 f - a +2 dagger of draining (weapon)
Missiles
 m - 5 poisoned darts (quivered)
Armour
 b - a +0 scale mail
 c - a +0 buckler (worn)
 o - a +0 chain mail (worn)
Jewellery
 d - a ring of fire (left hand)
 q - the amulet "Vorghawi" (around neck) {rPois Regen+}
   (You found it on level 5 of the Dungeon)

   [amulet of regeneration]

   rPois:     It protects you from poison.
   Regen:     It increases your rate of health regeneration.
Scrolls
 l - a scroll of butterflies
Potions
 e - 2 potions of invisibility
 h - a potion of degeneration


   Skills:
 + Level 4.8 Fighting
 * Level 3.0 Short Blades
 + Level 3.0 Axes
 + Level 5.1 Armour
 + Level 1.3 Dodging
 + Level 4.5 Shields


You had one spell level left.
You knew the following spells:

 Your Spells              Type           Power      Damage    Failure   Level
a - Tukima's Dance        Hex            0%         N/A       100%        3

Your spell library contained the following spells:

 Spells                   Type           Power      Damage    Failure   Level
 Portal Projectile        Hex/Tloc       0%         N/A       100%        3
 Blade Hands              Tmut           0%         N/A       100%        5


Dungeon Overview and Level Annotations

Branches:
Dungeon (6/15)            Ossuary (visited)
 Temple: D:4-7

Altars:
Elyvilon


Innate Abilities, Weirdness & Mutations

You have a pair of horns on your head.
You reflexively headbutt those who attack you in melee.


Message History

The killer bee buzzes angrily. x2
You block the killer bee's attack.
You hit the killer bee but do no damage.
You drain the killer bee. Your headbutt misses the killer bee.
The killer bee is lightly wounded.
The killer bee barely misses you.
The killer bee stings you but does no damage.
You hit the killer bee. Your headbutt misses the killer bee.
The killer bee is lightly wounded.
The killer bee barely misses you. You furiously retaliate!
You headbutt the killer bee.
The killer bee stings you but does no damage. x2
A centaur comes into view.
The killer bee stings you. x2
You are poisoned.
The killer bee poisons you! The killer bee stings you.
The killer bee stings you but does no damage.
You closely miss the killer bee. Your headbutt misses the killer bee.
You feel sick. The killer bee barely misses you. You furiously retaliate!
You headbutt the killer bee, but do no damage.
The killer bee stings you.
The killer bee stings you but does no damage. x2
The killer bee stings you. x2
You are more poisoned.
The killer bee poisons you! The killer bee stings you. x2
You barely miss the killer bee.
You feel very sick.
The killer bee stings you but does no damage. x2
The killer bee barely misses you. You furiously retaliate!
You headbutt the killer bee. The killer bee barely misses you.
The killer bee attacks as you move away!
The killer bee barely misses you. You furiously retaliate!
You headbutt the killer bee.
Found a white marble altar of Elyvilon.
You feel very sick. You block the killer bee's attack.
The killer bee barely misses you.
The killer bee stings you but does no damage.
The killer bee stings you.
* * * LOW HITPOINT WARNING * * *
The killer bee stings you!
You die...

...#.#.#.#.
...........
##...⌠.....⌠
......._... #......#
#...⌠.....⌠ #......#
#......... #......#
#.#y#.#.#.#
#......###.yyy......
.....+...y@....###
...##......###
#####.#.....#.#
#...........#.#
#)#.#.#.#####.# #
#.#.#... # #.#.#####
#.#.# #.#.#


You could see 5 killer bees.

Vanquished Creatures
  A steam dragon (D:6)
  2 hounds
  2 adders
  A dart slug (D:3)
  5 ball pythons
  5 bats
  4 endoplasms
  A giant cockroach (D:1)
  3 goblins
  2 hobgoblins
  7 jackals
  3 kobolds
  2 quokkas (D:1)
  A ball python skeleton (Ossuary)
  2 frilled lizards (D:1)
  A quokka zombie (D:6)
  3 rats
  A spectral kobold (D:1)
46 creatures vanquished.

Vanquished Creatures (others)
  An orc (D:6)
  A plant (D:2)
2 creatures vanquished.

Grand Total: 48 creatures vanquished

Notes
Turn   | Place    | Note
-------+----------+-------------------------------------------
     0 | D:1      | sappy the Minotaur Fighter began the quest for the Orb.
     0 | D:1      | Reached XP level 1. HP: 19/19 MP: 0/0
   112 | D:1      | Found a faded altar of an unknown god.
   193 | D:1      | Reached XP level 2. HP: 23/27 MP: 1/1
   197 | D:1      | Reached skill level 4 in Armour
   484 | D:2      | Reached XP level 3. HP: 33/33 MP: 2/2
   655 | D:4      | Reached skill level 1 in Short Blades
   710 | D:5      | Entered Level 5 of the Dungeon
   759 | D:5      | Identified the amulet "Vorghawi" {rPois Regen+}
   827 | D:5      | Reached XP level 4. HP: 36/41 MP: 3/3
   839 | D:5      | Learned a level 3 spell: Tukima's Dance
   867 | D:6      | Noticed a steam dragon
   898 | D:6      | Killed a steam dragon
   899 | D:6      | Reached skill level 5 in Armour
   899 | D:6      | Reached skill level 1 in Dodging
   899 | D:6      | Reached XP level 5. HP: 22/47 MP: 4/4
  1172 | D:6      | Found a sand-covered staircase.
  1180 | Ossuary  | Entered an ossuary
  1508 | D:6      | You fall into a shaft and drop 3 floors!
  1523 | D:9      | Noticed a centaur
  1526 | D:9      | Found a white marble altar of Elyvilon.
  1526 | D:9      | HP: 2/40 [killer bee (6)]
  1526 | D:9      | Mangled by a killer bee

Illustrated notes

Levels and vault maps discovered:
D:1:      dpeg_arrival_pond, layout_loops_ring,
          dreamdust_ecumenical_altar_drowned_temple, minmay_pentomino_z4
D:2:      layout_rooms, serial_shops, nicolae_shop_overgrown_old_shop,
          hangedman_decor_growths, minmay_misc_feat_square
D:3:      layout_basic, lemuel_round_altar, mainiacjoe_overflow_big_doors
D:4:      layout_rooms, mainiacjoe_overflow_paths, uniq_grinder
D:5:      black_bear_nest_1, layout_loops_corners, zin_treasury,
          lemuel_blue_sif_altar, minmay_temple_entry_poolview,
          gammafunk_ghost_smash
D:6:      layout_layer_cave, mainiacjoe_overflow_boulevard, enter_ossuary_4,
          gammafunk_ghost_abyssal_escape, serial_shops,
          nicolae_shop_competitors_out_of_business, uniq_maggie, uniq_pikel
D:9:      layout_basic, elyvilon_altar_5, nicolae_overflow_hidden_temple,
          enter_bailey_5, minmay_gold_behind_fungi, bh_walls_and_bars

Skill      XL: |  1  2  3  4  5 |
---------------+----------------+-----
Armour         | 4 5 |  5.1
Fighting       | 4 |  4.8
Shields        | 4 |  4.5
Short Blades   | 1 2 3 |  3.0
Dodging        | 1 |  1.3
Axes           | 3 |  3.0

Action                   |  1- 3 |  4- 6 || total
-------------------------+-------+-------++-------
Melee: War axe           |    14 |       ||    14
       Dagger            |    77 |    42 ||   119
       Headbutt          |    11 |     4 ||    15
  Use: Scroll            |     3 |     4 ||     7
       Potion            |     1 |     7 ||     8
Armor: Scale mail        |    50 |       ||    50
       Chain mail        |     2 |    26 ||    28
       Skin              |       |    24 ||    24
Dodge: Dodged            |    57 |    16 ||    73
Block: Buckler           |    15 |     9 ||    24
